 Dungeon Crawl Stone Soup version 0.29-a0-323-g050149af67 (webtiles) character file.

Game seed: 17660535718373110121

21040 greenreed the Thaumaturge (level 13, -40/92 HPs)
             Began as a Djinni Venom Mage on Apr 10, 2022.
             Was an Elder of Makhleb.
             Killed from afar by a bog body (60 damage)
             ... with a bolt of cold
             ... on level 2 of the Lair of Beasts.
             The game lasted 01:11:17 (11163 turns).

greenreed the Thaumaturge (Djinni Venom Mage)      Turns: 11163, Time: 01:11:18

Health: -40/92     AC: 11    Str:  7    XL:     13   Next: 16%
Gold:   749        EV: 13    Int: 21    God:    Makhleb [****..] SH:  0 Dex: 15

rFire   + + .      SeeInvis +   v - +1 dagger (speed)
rCold   x . .      Faith    .   (no shield)
rNeg    . . .      Spirit   .   W - +0 troll leather armour
rPois   ∞          Reflect  .   i - +0 helmet
rElec   .          Harm     .   X - +0 cloak
rCorr   .          Rampage  .   Z - +0 pair of gloves
Will    +....                   (boots unavailable)
Stlth   ++........              t - amulet of regeneration
HPRegen 1.85/turn               g - +4 ring of protection
MPRegen 0.00/turn               x - ring of see invisible

@: flying, slowed, very slow
A: sickness immunity, fire resistance 2, cold vulnerability 1, float, innate
caster, HP casting, extra vitality 1
a: Renounce Religion, Minor Destruction, Lesser Servant of Makhleb, Major
Destruction


You were on level 2 of the Lair of Beasts.
You worshipped Makhleb.
Makhleb was greatly pleased with you.
You visited 3 branches of the dungeon, and saw 13 of its levels.

You collected 749 gold pieces.

Inventory:

Hand Weapons
 v - a +1 dagger of speed (weapon)
 V - a +0 hand crossbow
Missiles
 D - 64 poisoned darts
Armour
 i - a +0 helmet (worn)
 P - an orb of guile
 T - a +0 buckler
 W - a +0 troll leather armour (worn)
 X - a +0 cloak (worn)
 Z - a +0 pair of gloves (worn)
Jewellery
 a - a +4 ring of evasion
 g - a +4 ring of protection (left hand)
 t - an amulet of regeneration (around neck)
 x - a ring of see invisible (right hand)
 B - a +6 ring of dexterity
Wands
 d - a wand of iceblast (6)
 u - a wand of paralysis (16)
 A - a wand of digging (6)
 L - a wand of acid (14)
 N - a wand of flame (9)
 R - a wand of charming (6)
Scrolls
 h - 2 scrolls of fear
 m - 3 scrolls of teleportation
 q - a scroll of brand weapon {unknown}
 r - 3 scrolls of enchant weapon
 s - a scroll of noise {unknown}
 w - a scroll of torment {unknown}
 F - 4 scrolls of enchant armour
 G - 2 scrolls of amnesia {unknown}
 H - 3 scrolls of magic mapping
 M - 2 scrolls of vulnerability {unknown}
 O - a scroll of blinking {unknown}
 U - a scroll of immolation {unknown}
 Y - 2 scrolls of fog {unknown}
Potions
 b - 2 potions of lignification {unknown}
 c - 2 potions of mutation {unknown}
 e - 3 potions of heal wounds
 n - a potion of invisibility {unknown}
 o - 13 potions of curing
 p - a potion of degeneration {unknown}
 C - 2 potions of attraction {unknown}
 E - a potion of ambrosia {unknown}
 K - 3 potions of brilliance {unknown}
 Q - 2 potions of might


   Skills:
 * Level 7.6 Fighting
 + Level 2.6 Short Blades
 + Level 2.7 Slings
 + Level 1.3 Armour
 + Level 4.9 Dodging
 - Level 1.5 Stealth
 * Level 13.5 Spellcasting
 * Level 5.3 Invocations
 * Level 3.7 Evocations


You had 10 spell levels left.
You knew the following spells:

 Your Spells              Type           Power      Damage    Failure   Level
a - Sting                 Tmut/Pois      100%       1d8       1%          1
b - Poisonous Vapours     Pois/Air       100%       N/A       1%          2
c - Mephitic Cloud        Conj/Pois/Air  63%        N/A       1%          3
d - Olgreb's Toxic Radia  Pois           63%        N/A       1%          4
e - Beastly Appendage     Tmut           100%       N/A       1%          1
f - Scorch                Fire           100%       2d10      1%          2
g - Conjure Flame         Conj/Fire      63%        6-21      1%          3
h - Hailstorm             Conj/Ice       63%        3d13      1%          4
i - Anguish               Hex/Necr       31%        N/A       1%          4
j - Metabolic Englaciati  Hex/Ice        31%        N/A       1%          5
Your spell library was empty.

Dungeon Overview and Level Annotations

Branches:
Dungeon (10/15)            Temple (1/1) D:6            Lair (2/6) D:10
  Swamp: Lair:2-4    Shoals: Lair:2-4     Snake: Lair:2-4    Spider: Lair:2-4
    Orc: D:9-12

Altars:
Ashenzari
Cheibriados
Dithmenos
Elyvilon
Fedhas
Gozag
Hepliaklqana
Kikubaaqudgha
Makhleb
Nemelex Xobeh
Okawaru
Qazlal
Ru
Sif Muna
Trog
Uskayaw
Vehumet
Wu Jian
Xom
Yredelemnul
Zin
The Shining One

Shops:
D:4 *?


Innate Abilities, Weirdness & Mutations

You are immune to sickness and miasma.
You are immune to poison.
Your flesh is very heat resistant. (rF++)
You are vulnerable to cold. (rC-)
You float through the air rather than walking.
You learn spells naturally, not from books.
Your magical power is your life essence.
You have superior vitality. (+4 MHP)


Message History

Aiming: Major Destruction (19% risk of failure)
Press: ? - help, Shift-Dir - straight line, f/p - bog body
Aim: a bog body The bolt of negative energy misses the bog body.
Unknown command.
Aiming: Major Destruction (19% risk of failure)
Press: ? - help, Shift-Dir - straight line, f/p - bog body
Aim: a bog body You fail to use your ability.
The bog body gestures at you while chanting.
The bolt of cold hits you!!
You feel a terrible chill!
Unknown command.
Casting: Sting (safe; 1% risk of failure)
Confirm with . or Enter, or press ? or * to list all spells.
Casting: Anguish (safe; 1% risk of failure)
Press: ? - help, Dir - look around, f - activate The bog body is haunted by guilt! x2
Casting: Anguish (safe; 1% risk of failure)
Confirm with . or Enter, or press ? or * to list all spells.
You can't see any susceptible monsters within range! (Use Z to cast anyway.)
The bog body casts a spell at you.
You feel yourself slow down.
Casting: Anguish (safe; 1% risk of failure)
Confirm with . or Enter, or press ? or * to list all spells.
Okay, then.
Aiming: Major Destruction (19% risk of failure)
Press: ? - help, Shift-Dir - straight line, f - bog body
Aim: a bog body (anguished)
The bolt of acid hits the bog body!!
The acid corrodes the bog body!
The bog body is heavily damaged.
The bog body gestures at you while chanting.
The bolt of cold hits you!!!
You feel a terrible chill!
* * * LOW HITPOINT WARNING * * *
The bog body is wracked by anguish!!!
The bog body is destroyed!
Makhleb accepts your kill. The bog body casts a spell at you.
The bolt of cold hits you!!!
You feel a terrible chill!
Ouch! That really hurt!
You die...

..)....## .......P#
..#.#...# .......##
#...#..# .......###########
.......#.#.......####.##
....#.......†..†........ .
.###..P.#.#.#.#.@#.#... ..
............####.#.## . ...
.#........### #....# ....
........P..# ###..P# .....
........P.#####.†n†.#......
.......^#.P #....⌠⌠......?.
#.##.#+##.......♣..♣.......
...... ......♣..♣.......
!..... .....♣♣..♣♣......


You could see a bog body (anguished).

Vanquished Creatures
  3 two-headed ogres
  A catoblepas (Lair:2)
  A glowing orange brain (shapeshifter) (D:8)
  Pikel (D:8)
  A cyclops (D:8)
  2 black mambas
  6 cane toads
  An unseen horror (D:8)
  3 komodo dragons (Lair:2)
  2 trolls (D:10)
  A polar bear (Lair:2)
  3 blink frogs (Lair:1)
  Sigmund (D:4)
  A shadow (D:9)
  A vampire (D:9)
  A wyvern (D:8)
  3 basilisks
  A steam dragon (D:8)
  29 yaks
  A swamp worm (Lair:2)
  7 water moccasins
  2 ice beasts
  An orc warrior (D:9)
  2 black bears
  16 wolves
  A sky beast (D:5)
  An ogre (D:6)
  7 centaurs
  2 phantoms
  A lemure (D:7)
  8 bullfrogs
  4 kobold brigands
  4 scorpions
  A gnoll sergeant (D:9)
  Blork the orc (D:6)
  3 necrophages
  A wyvern zombie (D:8)
  4 wights
  8 killer bees
  3 electric eels
  5 howler monkeys
  A human zombie (D:8)
  A centaur zombie (D:8)
  6 orc priests
  9 hounds
  A gnoll shaman (D:3)
  5 iguanas
  Ijyb (D:4)
  6 orc wizards
  2 killer bee zombies (D:8)
  3 howler monkey zombies (D:8)
  A mummy (D:8)
  5 gnolls
  9 adders
  2 white imps
  An ufetubus (D:4)
  2 dart slugs
  32 orcs
  9 ball pythons
  9 bats
  7 endoplasms
  4 giant cockroaches
  10 goblins
  11 hobgoblins
  22 kobolds
  2 quokkas
  3 frilled lizards (D:1)
  6 rats
  A spectral goblin (D:9)
316 creatures vanquished.

Vanquished Creatures (collateral kills)
  A killer bee (D:8)
1 creature vanquished.

Vanquished Creatures (others)
  2 bog bodies (Lair:2)
  An efreet (D:8)
  17 fungi
  A plant (Lair:2)
21 creatures vanquished.

Grand Total: 338 creatures vanquished

Notes
Turn   | Place    | Note
-------+----------+-------------------------------------------
     0 | D:1      | greenreed the Djinni Venom Mage began the quest for the
                  | Orb.
     0 | D:1      | Reached XP level 1. HP: 15/15 MP: 0/0
   307 | D:1      | Found a faded altar of an unknown god.
   343 | D:1      | Reached XP level 2. HP: 22/22 MP: 0/0
   702 | D:1      | Reached XP level 3. HP: 25/26 MP: 0/0
   702 | D:1      | Learned a level 1 spell: Beastly Appendage
   902 | D:2      | Reached skill level 3 in Spellcasting
  1370 | D:2      | Reached skill level 1 in Slings
  1555 | D:2      | Reached skill level 1 in Fighting
  1910 | D:2      | Reached XP level 4. HP: 24/32 MP: 0/0
  2517 | D:3      | Noticed an ice beast
  2532 | D:3      | Killed an ice beast
  2533 | D:3      | Reached XP level 5. HP: 30/38 MP: 0/0
  2533 | D:3      | Learned a level 2 spell: Scorch
  2715 | D:3      | Reached XP level 6. HP: 30/43 MP: 0/0
  3180 | D:4      | Noticed Sigmund
  3187 | D:4      | Killed Sigmund
  3188 | D:4      | Reached skill level 4 in Spellcasting
  3188 | D:4      | Reached XP level 7. HP: 40/49 MP: 0/0
  3188 | D:4      | Learned a level 3 spell: Conjure Flame
  3308 | D:4      | Found Fairchem's Gadget Gallery.
  3411 | D:4      | Noticed Ijyb
  3424 | D:4      | Killed Ijyb
  3502 | D:4      | Found Bexatuli's Magic Scroll Emporium.
  3512 | D:4      | Reached skill level 5 in Spellcasting
  3649 | D:4      | Found a blossoming altar of Fedhas.
  4026 | D:5      | Entered Level 5 of the Dungeon
  4172 | D:5      | Reached XP level 8. HP: 54/55 MP: 0/0
  4426 | D:5      | Reached skill level 6 in Spellcasting
  4972 | D:5      | Reached skill level 7 in Spellcasting
  5109 | D:6      | Found a staircase to the Ecumenical Temple.
  5141 | Temple   | Entered the Ecumenical Temple
  5197 | Temple   | Became a worshipper of Makhleb the Destroyer
  5374 | D:6      | Reached XP level 9. HP: 39/61 MP: 0/0
  5374 | D:6      | Learned a level 4 spell: Hailstorm
  5421 | D:6      | Noticed a two-headed ogre
  5425 | D:6      | Noticed a two-headed ogre
  5463 | D:6      | Killed a two-headed ogre
  5464 | D:6      | Reached skill level 1 in Short Blades
  5464 | D:6      | Reached skill level 8 in Spellcasting
  5507 | D:6      | Killed a two-headed ogre
  5508 | D:6      | Reached XP level 10. HP: 66/69 MP: 0/0
  5594 | D:6      | Reached skill level 9 in Spellcasting
  5883 | D:6      | Noticed Blork the orc
  5891 | D:6      | Killed Blork the orc
  5936 | D:6      | Found a broken altar of Ashenzari.
  6374 | D:7      | Reached * piety under Makhleb
  6421 | D:7      | Reached skill level 5 in Fighting
  6699 | D:8      | Noticed an unseen horror
  6709 | D:8      | Killed an unseen horror
  6710 | D:8      | Reached skill level 10 in Spellcasting
  6714 | D:8      | Noticed Pikel
  6895 | D:8      | Killed Pikel
  7121 | D:8      | Noticed a two-headed ogre
  7140 | D:8      | Killed a two-headed ogre
  7141 | D:8      | Reached XP level 11. HP: 75/76 MP: 0/0
  7141 | D:8      | Learned a level 4 spell: Anguish
  7254 | D:8      | Reached ** piety under Makhleb
  7260 | D:8      | Found a basalt altar of Yredelemnul.
  7340 | D:8      | Noticed a sea snake
  7340 | D:8      | a sea snake changed into a snapping turtle
  7349 | D:8      | Noticed a glowing orange brain
  7356 | D:8      | Killed a glowing orange brain
  7357 | D:8      | Reached skill level 11 in Spellcasting
  7429 | D:8      | Noticed a cyclops
  7435 | D:8      | Killed a cyclops
  7765 | D:9      | Found an iron altar of Okawaru.
  7860 | D:9      | Found a hazy altar of Hepliaklqana.
  8101 | D:9      | Reached *** piety under Makhleb
  8547 | D:10     | Entered Level 10 of the Dungeon
  8615 | D:10     | Reached skill level 12 in Spellcasting
  8620 | D:10     | Reached skill level 1 in Evocations
  8681 | D:10     | Reached skill level 1 in Invocations
  8692 | D:10     | Reached XP level 12. HP: 72/84 MP: 0/0
  8696 | D:10     | Found a staircase to the Lair.
  9695 | Lair:1   | Entered Level 1 of the Lair of Beasts
  9735 | Lair:1   | Reached **** piety under Makhleb
 10631 | Lair:2   | Noticed a catoblepas
 10752 | Lair:2   | Reached skill level 13 in Spellcasting
 10762 | Lair:2   | Reached skill level 1 in Armour
 10773 | Lair:2   | Killed a catoblepas
 10856 | Lair:2   | Reached XP level 13. HP: 85/90 MP: 0/0
 10856 | Lair:2   | Learned a level 5 spell: Metabolic Englaciation
 11063 | Lair:2   | Reached skill level 5 in Invocations
 11163 | Lair:2   | Killed from afar by a bog body

Illustrated notes

Levels and vault maps discovered:
D:1:      mainiacjoe_arrival_reflecting_pool, layout_basic,
          shapermc_ecumenical_altar_ellora, amcnicky_mini_rare_corridor_liquid,
          minmay_crystal_room, feat_on_display
D:2:      layout_basic, serial_corexii_hall, chequers_hall_statues_corner_a,
          corexii_hall_statues_deadend, chequers_hall_statues_wall_a
D:3:      layout_rooms, nicolae_concentric_dashed_squares_wild, hex_large,
          minmay_puff
D:4:      layout_gridville, fedhas_altar_1, serial_shops,
          nicolae_take_the_stairs, nicolae_shop_gadgets, uniq_ijyb, uniq_sigmund
D:5:      layout_basic
D:6:      minmay_opposing_rooms, layout_basic,
          mainiacjoe_overflow_cross_hatched, minmay_temple_entry_junction_2,
          uniq_blork_the_orc
D:7:      layout_basic, nicolae_kikubaaqudgha_miasma_corner,
          kennysheep_generic_room_4
D:8:      layout_rooms, lemuel_mausoleum_altar_yredelemnul, enter_bailey_3,
          minmay_small_thing, uniq_pikel
D:9:      layout_basic, nicolae_hepliaklqana_monster_ancestors,
          okawaru_ov_weapons_minmay
D:10:     layout_basic, erik_lair_island
Temple:   eino_temple_scatter_basement
Lair:1:   layout_loops_ring, amcnicky_mini_pool_medium
Lair:2:   layout_chaotic_city, nicolae_swamp_entry_splash_gauntlet,
          minivault_27, beast_lair_carwin_8, grunt_megastairs_3

Skill      XL: |  1  2  3  4  5  6  7  8  9 10 11 12 13 |
---------------+----------------------------------------+-----
Spellcasting   | 3 4 5 7 8 10 12 13 | 13.5
Slings         | 1 2 |  2.7
Fighting       | 1 2 3 4 5 6 7 |  7.6
Dodging        | 3 4 |  4.9
Short Blades   | 1 2 |  2.6
Evocations     | 1 3 |  3.7
Invocations    | 1 4 5 |  5.3
Armour         | 1 |  1.3
Stealth        | |  1.5

Action                   |  1- 3 |  4- 6 |  7- 9 | 10-12 | 13-15 || total
-------------------------+-------+-------+-------+-------+-------++-------
Melee: Mace              |     4 |       |       |       |       ||     4
       Dagger            |       |     4 |    48 |   139 |       ||   191
       Punch             |       |       |       |     2 |       ||     2
 Fire: Hunting sling     |    83 |    36 |       |       |       ||   119
 Cast: Sting             |    29 |    19 |     2 |     2 |       ||    52
       Scorch            |       |    20 |    36 |   232 |    30 ||   318
       Poisonous Vapours |       |     5 |    85 |   136 |     3 ||   229
       Mephitic Cloud    |       |     1 |    12 |    51 |     6 ||    70
       Hailstorm         |       |       |       |     3 |       ||     3
       Anguish           |       |       |       |     1 |     2 ||     3
Invok: Minor Destruction |       |       |       |    71 |    10 ||    81
       Major Destruction |       |       |       |       |     2 ||     2
  Use: Scroll            |       |       |       |     9 |       ||     9
       Potion            |       |       |       |       |     1 ||     1
 Stab: Confused          |       |       |     3 |    11 |       ||    14
Armor: Robe              |    23 |    11 |    29 |    45 |       ||   108
       Steam dragon scal |       |       |       |    18 |       ||    18
       Troll leather arm |       |       |       |    35 |     2 ||    37
Dodge: Dodged            |    35 |    37 |    63 |   277 |     8 ||   420

Table legend: (Time is in decaauts)
 A = Elapsed time spent in this place.
 B = Non-inter-level travel time spent in this place.
 C = Inter-level travel time spent in this place.
 D = Time resting spent in this place.
 E = Time spent auto-exploring this place.
 F = Levels seen in this place.
 G = Mean time per level.
                   A        B        C        D        E       F      G
               +--------+--------+--------+--------+--------+-----+--------+
         Total |  11160 |  10850 |    310 |    178 |   8221 |  13 |  858.5 |
       Dungeon |   9465 |   9214 |    251 |    143 |   7040 |  10 |  946.5 |
        Temple |    214 |    187 |     27 |      0 |    171 |   1 |  214.0 |
          Lair |   1480 |   1448 |     32 |     35 |   1010 |   2 |  740.0 |
               +--------+--------+--------+--------+--------+-----+--------+

Top non-repeatable levels by time:
     D:2: 1361 daAuts
    D:10: 1132 daAuts
     D:5: 1068 daAuts
     D:3: 954 daAuts
     D:1: 914 daAuts
  Lair:1: 911 daAuts
     D:8: 865 daAuts
     D:4: 838 daAuts
     D:6: 803 daAuts
     D:9: 781 daAuts
     D:7: 744 daAuts
  Lair:2: 568 daAuts
  Temple: 214 daAuts
